 Dungeon Crawl Stone Soup version 0.29-a0-106-g0a07039d5a (webtiles) character file.

Game seed: 3882108974200261762

2445 frimble the Frost Mage (level 9, -2/97 HPs)
             Began as a Gnoll Ice Elementalist on Feb 17, 2022.
             Slain by a white ugly thing (24 damage)
             ... on level 8 of the Dungeon.
             The game lasted 00:09:30 (9604 turns).

frimble the Frost Mage (Gnoll Ice Elementalist)     Turns: 9604, Time: 00:09:31

Health: -2/97      AC: 17    Str: 10    XL:     9   Next: 49%
Magic:  14/19      EV: 14    Int: 23    God:
Gold:   356        SH:  0    Dex: 12    Spells: 10/21 levels left

rFire   . . .      SeeInvis +   z - +8 woodcutter's axe {vorpal}
rCold   . . .      Faith    .   (no shield)
rNeg    . . .      Spirit   .   a - +0 robe
rPois   +          Reflect  .   o - +2 helmet
rElec   .          Harm     .   y - +2 cloak
rCorr   +          Rampage  .   (no gloves)
Will    .....                   (no boots)
Stlth   ..........              (no amulet)
HPRegen 0.26/turn               x - +6 ring of intelligence
MPRegen 0.16/turn               e - ring of resist corrosion

@: berserking (expiring), ice-armoured, freezing walls, very quick
A: fangs 1, strong nose, distributed training, see invisible, poison resistance,
sturdy frame 1
a: no special abilities


You were on level 8 of the Dungeon.
You visited 1 branch of the dungeon, and saw 8 of its levels.

You collected 392 gold pieces.
You spent 36 gold pieces at shops.

Inventory:

Hand Weapons
 w - a +0 lajatang of venom
 z - the +8 woodcutter's axe (weapon) {vorpal}
   (You found it on level 6 of the Dungeon)

   It inflicts extra damage upon your enemies.
Armour
 a - a +0 robe (worn)
 o - a +2 helmet (worn)
 y - a +2 cloak (worn)
Jewellery
 e - a ring of resist corrosion (right hand)
 q - a ring of positive energy
 x - a +6 ring of intelligence (left hand)
Wands
 d - a wand of paralysis (9)
 i - a wand of mindburst (17)
 s - a wand of flame (18)
Scrolls
 f - 2 scrolls of identify
 l - a scroll of fog
 m - a scroll of enchant armour {unknown}
 n - 2 scrolls of teleportation
 r - a scroll of silence {unknown}
 t - a scroll of fear {unknown}
Potions
 c - a potion of curing {unknown}
 g - a potion of cancellation {unknown}
 j - 3 potions of might {unknown}
 k - 3 potions of haste {unknown}
 u - 2 potions of attraction
 v - a potion of flight {unknown}


   Skills:
 + Level 4.3 Fighting
 + Level 4.3 Short Blades
 + Level 4.3 Long Blades
 + Level 4.3 Axes
 + Level 4.3 Maces & Flails
 + Level 4.3 Polearms
 + Level 4.3 Staves
 + Level 4.3 Slings
 + Level 4.3 Bows
 + Level 4.3 Crossbows
 + Level 4.3 Throwing
 + Level 4.3 Armour
 + Level 6.3 Dodging
 + Level 6.1 Stealth
 + Level 4.3 Shields
 + Level 4.3 Unarmed Combat
 + Level 6.7 Spellcasting
 + Level 3.5 Conjurations
 + Level 3.5 Hexes
 + Level 3.5 Summonings
 + Level 3.5 Necromancy
 + Level 3.5 Translocations
 + Level 3.5 Transmutations
 + Level 3.5 Fire Magic
 + Level 8.0 Ice Magic
 + Level 3.5 Air Magic
 + Level 3.5 Earth Magic
 + Level 3.5 Poison Magic
 + Level 4.7 Invocations
 + Level 4.3 Evocations


You had 10 spell levels left.
You knew the following spells:

 Your Spells              Type           Power      Damage    Failure   Level
a - Freeze                Ice            100%       1d11      1%          1
b - Frozen Ramparts       Ice            88%        1d10      1%          3
c - Ozocubu's Armour      Ice            44%        N/A       1%          3
d - Olgreb's Toxic Radia  Pois           24%        N/A       19%         4

Your spell library contained the following spells:

 Spells                   Type           Power      Damage    Failure   Level
 Sting                    Tmut/Pois      96%        1d7       1%          1
 Poisonous Vapours        Pois/Air       48%        N/A       2%          2
 Hailstorm                Conj/Ice       34%        3d9       8%          4


Dungeon Overview and Level Annotations

Branches:
Dungeon (8/15)             Temple (0/1) D:7
   Lair: D:8-11

Altars:
Elyvilon
Makhleb

Shops:
D:1 *   D:2 (   D:7 !

Annotations:
D:4 1 runed translucent door, Nelsoonmonsoon's ghost, novice DrTm


Innate Abilities, Weirdness & Mutations

You have very sharp teeth.
Your uncanny sense of smell can sniff out nearby items.
Your experience applies equally to all skills.
You have supernaturally acute eyesight. (SInv)
Your system is resistant to poisons. (rPois)
Your movements are slightly less encumbered by armour. (ER -2)


Message History

The white ugly thing resists.
The wall freezes the white ugly thing.
The white ugly thing resists.
The wall freezes the white ugly thing.
The white ugly thing trunk-slaps you. The white ugly thing freezes you!!
You hit the white ugly thing but do no damage.
You bite the white ugly thing, but do no damage.
The white ugly thing is lightly wounded.
The white ugly thing resists.
The wall freezes the white ugly thing.
The white ugly thing trunk-slaps you. The white ugly thing freezes you!
You hit the white ugly thing. Your punch misses the white ugly thing.
You bite the white ugly thing, but do no damage.
The white ugly thing is moderately wounded.
The white ugly thing resists.
The wall freezes the white ugly thing.
The white ugly thing barely misses you.
You closely miss the white ugly thing. Your bite misses the white ugly thing.
The white ugly thing is moderately wounded.
The white ugly thing resists.
The wall freezes the white ugly thing.
The white ugly thing closely misses you.
You feel much better.
The white ugly thing resists.
The wall freezes the white ugly thing.
The white ugly thing trunk-slaps you! The white ugly thing freezes you!
A red film seems to cover your vision as you go berserk!
You feel yourself moving faster!
You feel mighty!
The white ugly thing resists.
The wall freezes the white ugly thing.
The white ugly thing closely misses you.
You slash the white ugly thing!
The white ugly thing is heavily wounded.
The white ugly thing resists.
The wall freezes the white ugly thing.
The white ugly thing misses you.
You slash the white ugly thing!
The white ugly thing is almost dead.
The white ugly thing resists.
The wall freezes the white ugly thing.
The white ugly thing misses you.
You barely miss the white ugly thing. You bite the white ugly thing.
The white ugly thing is almost dead.
The white ugly thing completely resists.
The wall freezes the white ugly thing but does no damage.
The white ugly thing trunk-slaps you!
* * * LOW HITPOINT WARNING * * *
The white ugly thing freezes you!!
You die...

.. .. #.. #. ###
.∆ #..##.##.####..
#......+.......∆
#............
#..........
###......#####+###
..........u@.....#
..............<..#
.................#
.................#
.................#
$................#
###..............#
#######........#
#........#


You could see a white ugly thing.

Vanquished Creatures
  A hornet (D:7)
  Sigmund (D:4)
  A wraith (D:7)
  A steam dragon (D:6)
  A water moccasin (D:4)
  A black bear (D:4)
  3 necrophages
  An ogre (D:5)
  A centaur (D:7)
  A kobold brigand (D:7)
  A bullfrog (D:7)
  6 gnoll sergeants (D:6)
  A scorpion (D:4)
  A water moccasin skeleton (D:5)
  A howler monkey (D:7)
  A jelly (D:5)
  2 gnoll shamans (D:6)
  2 orc priests
  A centaur skeleton (D:5)
  6 orc wizards
  6 gnolls
  4 adders
  A shadow imp (D:5)
  3 ufetubi
  2 worms (D:2)
  8 dart slugs
  26 orcs
  4 bats
  10 endoplasms
  A giant cockroach (D:1)
  7 goblins
  8 hobgoblins
  6 jackals
  6 kobolds
  5 quokkas
  5 ball pythons
  3 frilled lizards
  5 rats
144 creatures vanquished.

Vanquished Creatures (others)
  4 plants (D:5)
4 creatures vanquished.

Grand Total: 148 creatures vanquished

Notes
Turn   | Place    | Note
-------+----------+-------------------------------------------
     0 | D:1      | frimble the Gnoll Ice Elementalist began the quest for the
                  | Orb.
     0 | D:1      | Reached XP level 1. HP: 13/13 MP: 6/6
   598 | D:1      | Reached XP level 2. HP: 19/19 MP: 5/7
   628 | D:1      | Found Gyseud's Assorted Antiques.
  1258 | D:1      | Reached XP level 3. HP: 19/25 MP: 5/9
  1260 | D:1      | Reached skill level 5 in Spellcasting
  1499 | D:1      | Reached skill level 1 in Invocations
  1960 | D:2      | Reached skill level 1 in Fighting
  1960 | D:2      | Reached skill level 1 in Short Blades
  1960 | D:2      | Reached skill level 1 in Long Blades
  1960 | D:2      | Reached skill level 1 in Axes
  1960 | D:2      | Reached skill level 1 in Maces & Flails
  1960 | D:2      | Reached skill level 1 in Polearms
  1960 | D:2      | Reached skill level 1 in Staves
  1960 | D:2      | Reached skill level 1 in Slings
  1960 | D:2      | Reached skill level 1 in Bows
  1960 | D:2      | Reached skill level 1 in Crossbows
  1960 | D:2      | Reached skill level 1 in Throwing
  1960 | D:2      | Reached skill level 1 in Armour
  1960 | D:2      | Reached skill level 1 in Shields
  1960 | D:2      | Reached skill level 1 in Unarmed Combat
  1960 | D:2      | Reached skill level 1 in Evocations
  2087 | D:2      | Reached XP level 4. HP: 7/32 MP: 4/11
  2392 | D:2      | Learned a level 3 spell: Frozen Ramparts
  2396 | D:2      | Learned a level 3 spell: Ozocubu's Armour
  2401 | D:2      | Learned a level 4 spell: Olgreb's Toxic Radiance
  2756 | D:2      | Found Huhelu's Weapon Shop.
  3644 | D:3      | Reached skill level 1 in Conjurations
  3644 | D:3      | Reached skill level 1 in Hexes
  3644 | D:3      | Reached skill level 1 in Summonings
  3644 | D:3      | Reached skill level 1 in Necromancy
  3644 | D:3      | Reached skill level 1 in Translocations
  3644 | D:3      | Reached skill level 1 in Transmutations
  3644 | D:3      | Reached skill level 1 in Fire Magic
  3644 | D:3      | Reached skill level 1 in Air Magic
  3644 | D:3      | Reached skill level 1 in Earth Magic
  3644 | D:3      | Reached skill level 1 in Poison Magic
  3680 | D:3      | Reached XP level 5. HP: 32/37 MP: 8/12
  4173 | D:4      | Noticed Sigmund
  4178 | D:4      | Gained mutation: Your movements are slightly less
                  | encumbered by armour. (ER -2) [potion of mutation]
  4178 | D:4      | Gained mutation: You have supernaturally acute eyesight.
                  | (SInv) [potion of mutation]
  4178 | D:4      | Gained mutation: Your system is resistant to poisons.
                  | (rPois) [potion of mutation]
  4185 | D:4      | Killed Sigmund
  4186 | D:4      | Reached XP level 6. HP: 41/44 MP: 11/14
  4613 | D:4      | Noticed a black bear
  4613 | D:4      | Noticed a water moccasin
  4625 | D:4      | HP: 2/44 [poisoned by a water moccasin]
  4641 | D:4      | Killed a water moccasin
  4642 | D:4      | Reached skill level 5 in Dodging
  4646 | D:4      | Killed a black bear
  4647 | D:4      | Reached XP level 7. HP: 20/50 MP: 9/15
  5417 | D:4      | Found a runed translucent door.
  5536 | D:4      | Noticed Nelsoonmonsoon's ghost (novice DrTm)
  5574 | D:5      | Entered Level 5 of the Dungeon
  6306 | D:5      | Reached skill level 5 in Stealth
  7017 | D:6      | Reached XP level 8. HP: 28/57 MP: 16/16
  7759 | D:7      | Noticed a wraith
  7777 | D:7      | Killed a wraith
  8034 | D:7      | Found a staircase to the Ecumenical Temple.
  8218 | D:7      | Found Haca's Distillery.
  8221 | D:7      | Bought a potion of attraction for 36 gold pieces
  8236 | D:7      | Noticed a hornet
  8243 | D:7      | Killed a hornet
  8593 | D:7      | Found a burning altar of Makhleb.
  8593 | D:7      | Found a white marble altar of Elyvilon.
  8910 | D:6      | Reached XP level 9. HP: 48/65 MP: 11/18
  9070 | D:6      | Found the +8 woodcutter's axe {vorpal}
  9386 | D:8      | Reached skill level 8 in Ice Magic
  9392 | D:8      | Noticed a two-headed ogre
  9588 | D:8      | Noticed a white ugly thing
  9604 | D:8      | Slain by a white ugly thing

Illustrated notes

Levels and vault maps discovered:
D:1:      lightli_arrival_noodles, layout_rooms, serial_shops, shop
D:2:      layout_rooms, serial_shops, nicolae_shop_bloodbath_and_beyond
D:3:      layout_loops_corners
D:4:      kennysheep_spiral_hall, layout_basic, ebering_ghost_reflecting_pool,
          uniq_sigmund
D:5:      layout_layer_cave, serial_bayou_ford_a, minmay_misc_feat_rows
D:6:      kennysheep_slugbush, layout_basic, pf_guarded_unrand_woodcutter
D:7:      kennysheep_six_static_rooms, layout_cave_pods,
          gammafunk_temple_overflow_pools, temple_doors_ab, serial_shops,
          kennysheep_mini_moat
D:8:      cheibrodos_ideogram_h, layout_gridville, zin_purify, serial_undead,
          serial_undead_b, serial_undead_a, serial_undead_b, serial_undead_a

Skill      XL: |  1  2  3  4  5  6  7  8  9 |
---------------+----------------------------+-----
Spellcasting   | 5 6 |  6.7
Invocations    | 1 2 3 4 |  4.7
Fighting       | 1 2 3 4 |  4.3
Short Blades   | 1 2 3 4 |  4.3
Long Blades    | 1 2 3 4 |  4.3
Axes           | 1 2 3 4 |  4.3
Maces & Flails | 1 2 3 4 |  4.3
Polearms       | 1 2 3 4 |  4.3
Staves         | 1 2 3 4 |  4.3
Slings         | 1 2 3 4 |  4.3
Bows           | 1 2 3 4 |  4.3
Crossbows      | 1 2 3 4 |  4.3
Throwing       | 1 2 3 4 |  4.3
Armour         | 1 2 3 4 |  4.3
Shields        | 1 2 3 4 |  4.3
Unarmed Combat | 1 2 3 4 |  4.3
Evocations     | 1 2 3 4 |  4.3
Conjurations   | 1 2 3 |  3.5
Hexes          | 1 2 3 |  3.5
Summonings     | 1 2 3 |  3.5
Necromancy     | 1 2 3 |  3.5
Translocations | 1 2 3 |  3.5
Transmutations | 1 2 3 |  3.5
Fire Magic     | 1 2 3 |  3.5
Air Magic      | 1 2 3 |  3.5
Earth Magic    | 1 2 3 |  3.5
Poison Magic   | 1 2 3 |  3.5
Dodging        | 5 6 |  6.3
Stealth        | 5 6 |  6.1
Ice Magic      | 8 |  8.0

Action                   |  1- 3 |  4- 6 |  7- 9 || total
-------------------------+-------+-------+-------++-------
Melee: Unarmed           |    25 |       |       ||    25
       Dagger            |    30 |    51 |       ||    81
       Bite              |     4 |     4 |    11 ||    19
       Punch             |     2 |       |       ||     2
       Falchion          |       |    44 |       ||    44
       Scythe            |       |    11 |    85 ||    96
       Lajatang          |       |       |    49 ||    49
       War axe           |       |       |    28 ||    28
 Cast: Freeze            |    45 |     4 |       ||    49
       Frozen Ramparts   |       |     4 |    12 ||    16
       Ozocubu's Armour  |       |     1 |     8 ||     9
  Use: Scroll            |     2 |     6 |       ||     8
       Potion            |       |     5 |     2 ||     7
 Stab: Sleeping          |     3 |     6 |     5 ||    14
       Distracted        |     1 |       |       ||     1
Armor: Robe              |     8 |    28 |    58 ||    94
       Skin              |       |     3 |       ||     3
Dodge: Dodged            |    63 |    88 |   178 ||   329

Table legend: (Time is in decaauts)
 A = Elapsed time spent in this place.
 B = Non-inter-level travel time spent in this place.
 C = Inter-level travel time spent in this place.
 D = Time resting spent in this place.
 E = Time spent auto-exploring this place.
 F = Levels seen in this place.
 G = Mean time per level.
                   A        B        C        D        E       F      G
               +--------+--------+--------+--------+--------+-----+--------+
         Total |   9726 |   9321 |    405 |    691 |   7374 |   8 | 1215.8 |
       Dungeon |   9726 |   9321 |    405 |    691 |   7374 |   8 | 1215.8 |
               +--------+--------+--------+--------+--------+-----+--------+

Top non-repeatable levels by time:
     D:7: 1710 daAuts
     D:5: 1697 daAuts
     D:1: 1661 daAuts
     D:4: 1547 daAuts
     D:3: 1217 daAuts
     D:2: 1190 daAuts
     D:6: 649 daAuts
     D:8: 53 daAuts
